 Dungeon Crawl Stone Soup version 0.23-a0-448-g1c01f63 (webtiles) character file.

29 Cryolive the Digger (level 3, 0/20 HPs)
             Began as a Gargoyle Earth Elementalist on Nov 19, 2018.
             Slain by a jackal (3 damage)
             ... on level 1 of the Dungeon on Nov 20, 2018.
             The game lasted 00:02:27 (1030 turns).

Cryolive the Digger (Gargoyle Earth Elementalist)   Turns: 1030, Time: 00:02:28

Health: 0/20       AC:  5    Str: 11    XL:     3   Next: 16%
Magic:  4/6        EV: 12    Int: 16    God:
Gold:   74         SH:  0    Dex: 10    Spells: 2/6 levels left

rFire    . . .     SeeInvis .   i - +0 short sword
rCold    . . .     Gourm    .   (no shield)
rNeg     + . .     Faith    .   c - +0 robe
rPois    ∞         Spirit   .   (no helmet)
rElec    +         Reflect  .   (no cloak)
rCorr    .         Harm     .   (no gloves)
MR       .....                  (no boots)
Stlth    ++........             (no amulet)
HPRegen  0.06/turn              (no ring)
MPRegen  0.10/turn              (no ring)

@: no status effects
A: negative energy resistance 1, electricity resistance, unbreathing,
petrification resistance, rot immunity, AC +3
a: no special abilities


You were on level 1 of the Dungeon.
You were hungry.

You visited 1 branch of the dungeon, and saw 1 of its levels.

You collected 74 gold pieces.

Inventory:

Hand Weapons
 i - a +0 short sword (weapon)
Missiles
 b - 36 stones (quivered)
Armour
 c - a +0 robe (worn)
Scrolls
 e - a scroll of fog {unknown}
 h - 2 scrolls of identify {unknown}
Potions
 a - a potion of lignification {unknown}
 f - a potion of cancellation {unknown}
 g - a potion of curing {unknown}
Comestibles
 d - 3 rations


   Skills:
 + Level 1.1 Fighting
 + Level 1.0 Armour
 + Level 1.9 Dodging
 - Level 2.1 Stealth
 + Level 2.3 Spellcasting
 + Level 0.0 Conjurations
   Level 0.7 Transmutations
 + Level 4.0 Earth Magic


You had 2 spell levels left.
You knew the following spells:

 Your Spells              Type           Power        Failure   Level  Hunger
a - Sandblast             Erth           ##....       4%          1    #......
b - Stone Arrow           Conj/Erth      #.....       26%         3    ###....

Your spell library contained the following spells:

 Spells                   Type           Power        Failure   Level  Hunger
 Passwall                 Tmut/Erth      #.......     12%         2    ###....
 Petrify                  Tmut/Erth      #.......     58%         4    #####..
 Lee's Rapid Deconstruct  Erth           ##........   73%         5    ######.


Dungeon Overview and Level Annotations

Branches:
Dungeon (1/15)

Altars:


Innate Abilities, Weirdness & Mutations

You are resistant to torment.
Your stone body is resilient. (AC +3)
You are immune to poison.
You resist negative energy. (rN+)
You are resistant to electric shocks. (rElec)
You can survive without breathing.
You are immune to petrification.
You are immune to rotting.


Message History

Confirm with . or Enter, or press ? or * to list all spells.
Aiming: Sandblast (safe; 4% risk of failure)
Press: ? - help, Shift-Dir - straight line, f - gnoll
Aim: a gnoll The blast of sand misses the gnoll.
b - 37 stones The jackal barely misses you.
The jackal closely misses you. The jackal bites you. The gnoll hits you.
* * * LOW HITPOINT WARNING * * *
The jackal closely misses you.
Casting: Sandblast (safe; 4% risk of failure)
Confirm with . or Enter, or press ? or * to list all spells.
Aiming: Sandblast (safe; 4% risk of failure)
Press: ? - help, Shift-Dir - straight line, f/p - gnoll
Aim: a gnoll The blast of sand hits the gnoll.
The gnoll is lightly wounded.
b - 36 stones The jackal misses you.
The jackal bites you.
You die...

#
#......#...#......
......#..#.#...####
.####.#...#..#.#
#......#...##.#
##.#.#.######.#
########.#.#.#
#.####
.......?.#.#.#
#.....
......g....#.#
#####.
$.....h@##...# #.
......hh.....# #.
.............# #.
.............# #.
#####........# #.
#....$...# #.
#........+ ##
#........#


You could see a gnoll and 3 jackals.

Vanquished Creatures
  An ooze (D:1)
  A dart slug (D:1)
  2 leopard geckos (D:1)
  A giant cockroach (D:1)
  2 hobgoblins (D:1)
  6 jackals (D:1)
  3 bats (D:1)
  2 frilled lizards (D:1)
  A rat (D:1)
19 creatures vanquished.

Notes
Turn   | Place    | Note
-------+----------+-------------------------------------------
     0 | D:1      | Cryolive the Gargoyle Earth Elementalist began the quest
                  | for the Orb.
     0 | D:1      | Reached XP level 1. HP: 10/10 MP: 3/3
   331 | D:1      | Reached XP level 2. HP: 9/16 MP: 0/5
   883 | D:1      | Reached skill level 1 in Fighting
   883 | D:1      | Reached skill level 1 in Armour
   893 | D:1      | Reached XP level 3. HP: 13/20 MP: 6/6
   898 | D:1      | Learned a level 3 spell: Stone Arrow
  1017 | D:1      | Reached skill level 4 in Earth Magic
  1030 | D:1      | Slain by a jackal

Vault maps used:
D:1:      scummos_arrival_star

Skill      XL: |  1  2  3 |
---------------+----------+-----
Fighting       | 1 |  1.1
Armour         | 1 |  1.0
Earth Magic    | 4 |  4.0
Dodging        | |  1.9
Stealth        | |  2.1
Spellcasting   | |  2.3
Transmutations | |  0.7

Action                   || total
-------------------------++-------
Melee: Unarmed           ||    24
       Short sword       ||    60
 Cast: Sandblast         ||    10
 Stab: Sleeping          ||     1
Armor: Robe              ||    25
Dodge: Dodged            ||    88

Table legend:
 A = Non-vault XP
 B = Vault XP
 C = Vault XP percentage of total XP
 D = Non-vault monster count
 E = Vault monster count
 F = Vault count percentage of total count
                 A         B        C        D         E       F
            +---------+---------+-------+---------+---------+-------
      Total |      42 |       0 |   0.0 |      19 |       0 |   0.0
            +---------+---------+-------+---------+---------+-------
        D:1 |      42 |       0 |   0.0 |      19 |       0 |   0.0
            +---------+---------+-------+---------+---------+-------
